 Dungeon Crawl Stone Soup version 0.31-a0-705-ga145531891 (webtiles) character file.

Game seed: 7255046393392688742

211 Ofeo the Changeling (level 5, -2/38 HPs)
             Began as a Demonspawn Shapeshifter on Sept 9, 2023.
             Slain by Grinder (5 damage)
             ... while paralysed by Grinder
             ... on level 3 of the Dungeon.
             The game lasted 00:04:46 (3703 turns).

Ofeo the Changeling (Demonspawn Shapeshifter)       Turns: 3703, Time: 00:04:47

Health: -2/38      AC:  6    Str: 14    XL:     5   Next: 57%
Magic:  5/5        EV:  2    Int: 12    God:
Gold:   162        SH:  0    Dex: 14    Spells: 4/4 levels left

rFire   . .          .
                       - Unarmed
rCold   . . .        (no shield)
rNeg    . . .        l - +0 scale mail
rPois   .            (helmet currently unavailable)
rElec   .            (cloak currently unavailable)
rCorr   .            (gloves currently unavailable)
SInv    .            (boots currently unavailable)
Will    .....        (no amulet) Stlth
                     j - ring of flight
HPRegen 0.26/turn    (no ring)
MPRegen 0.18/turn

%: no passive effects
@: paralysed, beast-form, flying
A: beast (slay +2), ignite blood 1, magic regeneration, demonic touch 1
a: Begin Untransformation


You were on level 3 of the Dungeon.
You were a hulking beast.
You visited 1 branch of the dungeon, and saw 3 of its levels.

You collected 162 gold pieces.

Inventory:

Armour
 a - a +0 animal skin
 b - a +2 pair of gloves
 g - a +0 ring mail
 h - a +0 helmet
 l - a +0 scale mail (worn)
Jewellery
 j - a ring of flight (left hand)
Talismans
 c - a beast talisman (active)
 d - a flux talisman
Scrolls
 e - a scroll of fear
 i - 2 scrolls of identify {@r1}
 k - a scroll of teleportation {unknown}
Potions
 f - 2 potions of attraction


   Skills:
 - Level 1.9 Fighting
 - Level 2.4 Dodging
 - Level 3.1 Unarmed Combat
 + Level 4.6 Shapeshifting


You had 4 spell levels left.
You didn't know any spells.
Your spell library contained the following spells:

 Spells                   Type           Power      Damage    Failure   Level
 Summon Small Mammal      Summ           0%         N/A       83%         1
 Poisonous Vapours        Pois/Air       0%         N/A       92%         2
 Call Canine Familiar     Summ           0%         N/A       99%         3
 Dazzling Flash           Conj/Hex       0%         N/A       99%         3
 Mephitic Cloud           Conj/Pois/Air  0%         N/A       99%         3
 Summon Guardian Golem    Hex/Summ       0%         N/A       99%         3
 Volatile Blastmotes      Fire/Tloc      0%         2d10      99%         3
 Freezing Cloud           Conj/Ice/Air   0%         6-21      100%        5
 Starburst                Conj/Fire      0%         6d3       100%        6
 Maxwell's Capacitive Co  Air            0%         ∞         100%        8


Dungeon Overview and Level Annotations

Branches:
Dungeon (3/15)

Altars:
Gozag

Shops:
D:1 =

Annotations:
D:3 Grinder


Innate Abilities, Weirdness & Mutations

You are a hulking beast.
Your limbs bulge with bestial killing power. (Slay +2)
Your demonic aura sometimes causes spilled blood to erupt in flames.
You regenerate magic rapidly.
Your touch may inflict minor irresistible damage on your foes.


Message History

Grinder is moderately wounded.
Grinder blinks!
You barely miss Grinder.
Grinder is moderately wounded.
Grinder gestures at you. Pain shoots through your body!
You take 8 damage, and have 24/38 hp.
MASSIVE DAMAGE!!
You hit Grinder. Your touch misses Grinder.
Grinder is heavily wounded.
Grinder barely misses you.
You hit Grinder.
Grinder is heavily wounded.
Grinder gestures at you. Pain shoots through your body!
You take 4 damage, and have 20/38 hp.
You hit Grinder.
Grinder is severely wounded.
Grinder hits you but does no damage.
You hit Grinder. You punch Grinder, but do no damage.
Grinder is severely wounded.
You hit Grinder.
Grinder is severely wounded.
Grinder says, "Tell me all your secrets, or I'll kill you."
Grinder hits you but does no damage.
You hit Grinder.
You touch Grinder.
Grinder is almost dead.
Grinder gestures at you.
You suddenly lose the ability to move!
Grinder hits you.
You writhe in agony.
Grinder hits you!
* * * LOW HITPOINT WARNING * * *
Grinder gestures at you.
You shrug off the repeated paralysis!
Grinder hits you.
* * * LOW HITPOINT WARNING * * *
You writhe in agony.
* * * LOW HITPOINT WARNING * * *
Grinder hits you.
You die...
Grinder says, "Now the real fun starts!"

### ##.## ##.#.##
##.###(##
##.#####.###############
#.##.)<.h..............#
##.#..##5..#####.#####.#
##...#.#..# #.#####.##
##...##..# #.........
#..###..# #######.##
##.# #..#######......#
#.###...............#
#...#.########.####.#
###.#.# #.# #.#


You could see Grinder.

Vanquished Creatures
  2 orc priests
  An orc wizard (D:2)
  Robin (D:2)
  An adder (D:2)
  3 gnolls
  A worm (D:2)
  A dart slug (D:1)
  2 orcs (D:2)
  4 ball pythons
  7 bats
  4 endoplasms
  A giant cockroach (D:1)
  16 goblins
  4 hobgoblins
  6 jackals
  A quokka (D:3)
  4 frilled lizards
  7 kobolds
  2 rats
68 creatures vanquished.

Notes
Turn   | Place    | Note
-------+----------+-------------------------------------------
     0 | D:1      | Ofeo the Demonspawn Shapeshifter began the quest for the
                  | Orb.
     0 | D:1      | Reached XP level 1. HP: 15/15 MP: 1/1
   152 | D:1      | Gained mutation: You regenerate magic rapidly. [demonic
                  | ancestry]
   152 | D:1      | Reached XP level 2. HP: 21/21 MP: 2/2
   277 | D:1      | Found Xesyureo's Jewellery Boutique.
  1028 | D:2      | Reached skill level 3 in Shapeshifting
  1028 | D:2      | Gained mutation: Your demonic aura sometimes causes spilled
                  | blood to erupt in flames. [demonic ancestry]
  1028 | D:2      | Reached XP level 3. HP: 26/26 MP: 3/3
  1985 | D:2      | Noticed Robin
  2003 | D:2      | Discovered your monstrous ancestry.
  2003 | D:2      | Gained mutation: Your touch may inflict minor irresistible
                  | damage on your foes. [demonic ancestry]
  2003 | D:2      | Reached XP level 4. HP: 33/33 MP: 4/4
  2019 | D:2      | Killed Robin
  2514 | D:3      | Found an opulent altar of Gozag.
  2813 | D:2      | Reached skill level 4 in Shapeshifting
  2837 | D:3      | HP: 1/33 [gnoll/+0 spear (8)]
  2844 | D:2      | Reached XP level 5. HP: 5/38 MP: 5/5
  3627 | D:3      | Noticed Grinder
  3698 | D:3      | Paralysed by Grinder for 5 turns
  3703 | D:3      | Slain by Grinder

Illustrated notes

Levels and vault maps discovered:
D:1:      dpeg_arrival_rooms_with_view, layout_loops_ring, serial_shops,
          nicolae_square_shop
D:2:      wad_crossroads, layout_basic, uniq_robin
D:3:      layout_loops_ring, nicolae_gozag_cash_rules_everything_around_me,
          zin_scriptorium, uniq_grinder

Skill      XL: |  1  2  3  4 |
---------------+-------------+-----
Dodging        | 2 |  2.4
Unarmed Combat | 3 |  3.1
Shapeshifting  | 3 4 |  4.6
Fighting       | |  1.9

Action                     |  1- 3 |  4- 6 || total
---------------------------+-------+-------++-------
  Melee: Unarmed           |   161 |    66 ||   227
         Punch             |     2 |     5 ||     7
         Touch             |       |     7 ||     7
    Use: Scroll            |     4 |     2 ||     6
         Potion            |     1 |     2 ||     3
 Armour: Animal skin       |    40 |       ||    40
         Ring mail         |    45 |    19 ||    64
         Skin              |    27 |    30 ||    57
         Scale mail        |       |    28 ||    28
  Dodge: Dodged            |    94 |    29 ||   123

Table legend: (Time is in decaauts)
 A = Elapsed time spent in this place.
 B = Non-inter-level travel time spent in this place.
 C = Inter-level travel time spent in this place.
 D = Time resting spent in this place.
 E = Time spent auto-exploring this place.
 F = Levels seen in this place.
 G = Mean time per level.
                   A        B        C        D        E       F      G
               +--------+--------+--------+--------+--------+-----+--------+
         Total |   3697 |   3664 |     33 |    690 |   2327 |   3 | 1232.3 |
       Dungeon |   3697 |   3664 |     33 |    690 |   2327 |   3 | 1232.3 |
               +--------+--------+--------+--------+--------+-----+--------+

Top non-repeatable levels by time:
     D:2: 2182 daAuts
     D:1: 927 daAuts
     D:3: 587 daAuts
